 Dungeon Crawl Stone Soup version 0.17-a0-1078-g243345b (webtiles) character file.

72 Eglamore the Ruffian (level 4, 0/45 HPs)
             Began as a Troll Monk on May 19, 2015.
             Was a Believer of Okawaru.
             Slain by a goblin (2 damage)
             ... led by Robin
             ... on level 2 of the Dungeon.
             The game lasted 00:03:46 (622 turns).

Eglamore the Ruffian (Troll Monk)                    Turns: 622, Time: 00:03:47

Health: 0/45       AC:  5    Str: 20    XL:     4   Next: 7%
Magic:  0/3        EV:  8    Int: 11    God:    Okawaru [**....]
Gold:   28         SH:  8    Dex: 14    Spells: 0 memorised, 3 levels left

rFire  x . .     SeeInvis .     g - +2 mace (holy)
rCold  + + .     Clarity  .     a - +0 robe
rNeg   . . .     SustAb   .     c - +0 shield
rPois  .         Gourm    +     (helmet restricted)
rElec  .         Spirit   +     (no cloak)
rCorr  .         Warding  .     (gloves unavailable)
rMut   .         Stasis   .     (boots unavailable)
MR     .....                    e - amulet of guardian spirit
Stlth  ++........               n - ring of ice
                                h - ring of protection from cold

@: brilliant, not resistant to hostile enchantments, unstealthy
A: unfitting armour, claws 3, agile 1, blink 1, fast metabolism 3, gourmand,
regeneration 2, shaggy fur 1, tough skin 2, wild magic 1
a: Blink, Heroism, Renounce Religion


You were on level 2 of the Dungeon.
You worshipped Okawaru.
Okawaru was pleased with you.
You were very full.

You visited 1 branch of the dungeon, and saw 2 of its levels.

You collected 28 gold pieces.

Inventory:

Hand weapons
 g - a +2 mace of holy wrath (weapon)
Armour
 a - a +0 robe (worn)
 c - a +0 shield (worn)
Jewellery
 e - an amulet of guardian spirit (around neck)
 f - an uncursed amulet of faith
 h - a ring of protection from cold (left claw)
 n - a ring of ice (right claw)
Scrolls
 d - 2 scrolls of identify
 i - a scroll of noise
 j - a scroll of random uselessness {unknown}
Comestibles
 b - 4 bread rations
 m - a beef jerky


   Skills:
 + Level 3.1 Fighting
 + Level 1.3 Maces & Flails
 - Level 2.5 Dodging
 - Level 1.1 Stealth
 + Level 1.2 Shields
 - Level 4.2 Unarmed Combat


You had 3 spell levels left.
You didn't know any spells.

Dungeon Overview and Level Annotations

Branches:
Dungeon (2/15)

Altars:
Okawaru

Annotations:
D:2 Robin


Innate Abilities, Weirdness & Mutations

You are too large for most types of armour.
You have claws for hands.
Your metabolism is lightning-fast.
You like to eat raw meat.
You heal very quickly.
You are covered in fur (AC +1).
You have very tough skin (AC +2).
You are agile. (Dex +2)
You can translocate small distances at will.
Your spells are a little harder to cast, but a little more powerful.


Message History

The goblin closely misses you. You block the goblin's attack.
Use which ability? (? or * to list)
Okay, then.
Drink which item? (? for menu, Esc to quit)
It was a potion of brilliance.
You feel clever all of a sudden. You block the goblin's attack. x2
The goblin hits you.
* * * LOW HITPOINT WARNING * * *
You block the goblin's attack.
Unknown command.
Read which item? (? for menu, Esc to quit)
As you read the scroll labeled MEGRAR CUIJULUIGG, it crumbles to dust.
It is a scroll of identify.
Identify which item? (\ to view known items) (? for menu, Esc to quit)
i - a scroll of noise Robin roars a battlecry!
The goblins go into a battle-frenzy!
The goblin hits you.
You die...

######### ##### #........
############... #........
..........##g#### #........
######..gg@g...# #.......[
#...##g...# #........
########†...###.#####........
......)..r..###.....'........
........#####...>...#........
......... ###..##.#........
.......... ##....#........
.........!+ #.####.......[
...g[....## #.# ###.#####


You could see Robin and 4 goblins.

Vanquished Creatures
  Jessica (D:2)
  An adder (D:2)
  An ooze (D:1)
  A giant gecko (D:1)
  3 hobgoblins
  3 jackals (D:1)
  2 bats (D:1)
  10 goblins
  5 kobolds (D:1)
  5 rats
  3 toadstools (D:1)
35 creatures vanquished.

Vanquished Creatures (others)
  A toadstool (D:1)
1 creature vanquished.

Grand Total: 36 creatures vanquished

Notes
Turn   | Place    | Note
--------------------------------------------------------------
     0 | D:1      | Eglamore the Troll Monk began the quest for the Orb.
     0 | D:1      | Reached XP level 1. HP: 22/22 MP: 0/0
    77 | D:1      | Reached XP level 2. HP: 26/29 MP: 1/1
   100 | D:1      | Found an iron altar of Okawaru.
   130 | D:1      | Became a worshipper of Warmaster Okawaru
   130 | D:1      | Acquired Okawaru's first power
   571 | D:2      | Noticed Jessica
   574 | D:2      | Noticed Robin
   574 | D:2      | Killed Jessica
   574 | D:2      | Reached skill level 1 in Maces & Flails
   574 | D:2      | Reached skill level 1 in Shields
   574 | D:2      | Reached XP level 3. HP: 34/37 MP: 2/2
   615 | D:2      | Reached XP level 4. HP: 9/45 MP: 0/3
   618 | D:2      | HP: 2/45 [goblin/club[Robin] (3)]
   620 | D:2      | Gained mutation: You are agile. (Dex +2) [potion of mutation]
   620 | D:2      | Gained mutation: You can translocate small distances at will. [potion of mutation]
   620 | D:2      | Gained mutation: Your spells are a little harder to cast, but a little more powerful. [potion of mutation]
   622 | D:2      | Slain by a goblin

Vault maps used:
D:1:      ldierk_water_garden, okawaru_ov_weapons_minmay
D:2:      gammafunk_temple_overflow_wave, uniq_jessica, uniq_iyjb, uniq_robin

Action                   |  1- 3 |  4- 6 || total
-------------------------+-------+-------++-------
Melee: Unarmed           |    26 |       ||    26
       Mace              |    74 |     4 ||    78
  Use: Potion            |       |     2 ||     2
       Scroll            |       |     1 ||     1
  Eat: Chunk             |    11 |       ||    11
